 Dungeon Crawl Stone Soup version 0.30-a0-900-g23479c02f2 (webtiles) character file.

Game seed: 5875665914142607224

706 Iniera the Magician (level 7, -4/33 HPs)
             Began as a Vine Stalker Conjurer on Mar 18, 2023.
             Slain by Duvessa
             ... wielding a +2 rapier of electrocution
              (10 damage)
             ... on level 4 of the Dungeon.
             The game lasted 00:13:52 (5083 turns).

Iniera the Magician (Vine Stalker Conjurer)         Turns: 5083, Time: 00:13:53

Health: -4/33      AC:  4    Str: 10    XL:     7   Next: 67%
Magic:  0/17       EV: 12    Int: 20    God:
Gold:   163        SH:  0    Dex: 12    Spells: 7/18 levels left

rFire   . . .      SeeInvis .    m - +0 dagger (venom)
rCold   . . .      Faith    .    (no shield)
rNeg    . . .      Spirit   +    a - +0 robe
rPois   +          Reflect  .    l - +0 helmet
rElec   .          Rampage  .    (no cloak)
rCorr   .                        (no gloves)
Will    .....                    o - +0 pair of boots
Stlth   ++                       (no amulet)
HPRegen 1.05/turn                e - ring of poison resistance
MPRegen 0.15/turn                (no ring)

@: no status effects
A: fangs 2, regeneration 1, magic shield, antimagic bite, no potion heal 2
a: no special abilities


You were on level 4 of the Dungeon.
You visited 1 branch of the dungeon, and saw 4 of its levels.

You collected 193 gold pieces.
You spent 30 gold pieces at shops.

Inventory:

Hand Weapons
 m - a +0 dagger of venom (weapon)
 r - the +4 dagger "Dukosaf" {speed, rN+ rCorr}
   (You found it on level 3 of the Dungeon)

   rN:        It protects you from negative energy.
   rCorr:     It protects you from acid and corrosion.
Missiles
 q - a throwing net
Armour
 a - a +0 robe (worn)
 l - a +0 helmet (worn)
 o - a +0 pair of boots (worn)
Jewellery
 e - a ring of poison resistance (left hand)
Scrolls
 d - 2 scrolls of teleportation
 i - a scroll of noise
 p - a scroll of poison
Potions
 c - a potion of haste
 f - a potion of attraction
 g - 2 potions of heal wounds {unknown}
 h - 2 potions of brilliance {unknown}
 j - 2 potions of lignification {unknown}
 k - 4 potions of curing {unknown}
 n - a potion of ambrosia {unknown}


   Skills:
 + Level 1.6 Fighting
 - Level 1.5 Dodging
 + Level 3.5 Stealth
 - Level 6.0 Spellcasting
 + Level 5.8 Conjurations
 + Level 1.7 Hexes
 + Level 1.7 Translocations


You had 7 spell levels left.
You knew the following spells:

 Your Spells              Type           Power      Damage    Failure   Level
a - Magic Dart            Conj           100%       1d8       1%          1
b - Searing Ray           Conj           58%        2d6       1%          2
c - Fulminant Prism       Conj/Hex       10%        3d8       22%         4
d - Iskenderun's Mystic   Conj/Tloc      21%        2d6       22%         4

Your spell library contained the following spells:

 Spells                   Type           Power      Damage    Failure   Level
 Dazzling Flash           Conj/Hex       42%        N/A       7%          3
 Stone Arrow              Conj/Erth      34%        3d9       10%         3
 Beastly Appendage        Tmut           12%        N/A       11%         1
 Sandblast                Erth           12%        2d6       11%         1
 Passwall                 Tmut/Erth      5%         N/A       16%         2
 Wereblood                Tmut           6%         N/A       16%         2
 Spider Form              Tmut/Pois      6%         N/A       30%         3


Dungeon Overview and Level Annotations

Branches:
Dungeon (4/15)
 Temple: D:4-7

Altars:
Nemelex Xobeh
Sif Muna

Shops:
D:1 ?[*:

Annotations:
D:4 Duvessa


Innate Abilities, Weirdness & Mutations

You have extremely sharp teeth.
Your natural rate of healing is unusually fast.
When hurt, damage is shared between your health and your magic reserves.
Your bite disrupts and absorbs the magic of your enemies.
Potions cannot restore your health.


Message History

Duvessa hits you with a +2 rapier of electrocution!
The searing ray misses Duvessa.
Duvessa hits you with a +2 rapier of electrocution.
You are electrocuted!
* * * LOW HITPOINT WARNING * * *
Duvessa misses you. Magic courses through your body. Duvessa barely misses you.
Casting: Searing Ray (safe; 1% risk of failure)
Confirm with . or Enter, or press ? or * to list all spells.
Aiming: Searing Ray (safe; 1% risk of failure)
Press: ? - help, Shift-Dir - straight line, f/p - Duvessa
Aim: Duvessa, wielding a +2 rapier of electrocution and wearing a +3 leather armour of cold resistance (heavily wounded, berserk, 82% to hit)
The searing ray hits Duvessa but does no damage.
Duvessa is heavily wounded. (Press . to maintain the ray.) Duvessa closely misses you.
Duvessa hits you with a +2 rapier of electrocution.
* * * LOW HITPOINT WARNING * * *
The searing ray hits Duvessa.
Duvessa is heavily wounded.
Duvessa hits you with a +2 rapier of electrocution!
* * * LOW HITPOINT WARNING * * *
Unknown command.
Casting: Searing Ray (safe; 1% risk of failure)
Confirm with . or Enter, or press ? or * to list all spells.
The spell is extremely dangerous to miscast (22% risk of failure)!
Continue anyway?
You erupt in a blast of force!
The mystic blast hits Duvessa.
Duvessa is heavily wounded.
Duvessa is knocked back by the mystic blast.
Magic courses through your body.
Casting: Iskenderun's Mystic Blast (extremely dangerous; 22% risk of failure)
Confirm with . or Enter, or press ? or * to list all spells.
The spell is extremely dangerous to miscast (22% risk of failure)!
Continue anyway?
You erupt in a blast of force!
The mystic blast hits Duvessa but does no damage.
Duvessa is heavily wounded.
Duvessa hits you with a +2 rapier of electrocution.
* * * LOW HITPOINT WARNING * * *
You are electrocuted!!
You die...

##...#.###.................#....#
#....#.##..<...............#.....
...........................#....#
........#.........#........###.?#
..##...###.....>..#.....#>.###...
...###.................##..#.##..
..## #...##.............##.......
...####..#...........#.#.....#...
.........<......@...######.###...
.......##.......e..## ### ####
........#)....##...#
......†..##....#....#
...................##
.........[.......###
.........)......##
........##.......#
..................


You could see Duvessa (berserk).

Vanquished Creatures
  2 elf zombies (D:4)
  An elf skeleton (D:4)
  Dowan (D:4)
  A howler monkey (D:4)
  A jelly (D:4)
  A hound (D:4)
  Jessica (D:2)
  2 human skeletons (D:4)
  2 iguanas (D:4)
  Robin (D:2)
  4 gnolls (D:3)
  6 adders
  3 worms
  4 dart slugs
  4 orcs (D:4)
  7 ball pythons
  8 bats
  7 endoplasms
  4 giant cockroaches
  12 goblins
  14 hobgoblins
  11 jackals
  6 kobolds
  3 quokkas
  6 frilled lizards
  An orc zombie (D:4)
  6 rats
119 creatures vanquished.

Vanquished Creatures (others)
  5 fulminant prisms (D:4)
5 creatures vanquished.

Grand Total: 124 creatures vanquished

Notes
Turn   | Place    | Note
-------+----------+-------------------------------------------
     0 | D:1      | Iniera the Vine Stalker Conjurer began the quest for the
                  | Orb.
     0 | D:1      | Reached XP level 1. HP: 9/9 MP: 4/4
    71 | D:1      | Found Giklov's Antique Armour Emporium.
   264 | D:1      | Reached XP level 2. HP: 13/13 MP: 3/6
   458 | D:1      | Found Ycix's General Store.
   558 | D:1      | Reached skill level 3 in Spellcasting
   726 | D:1      | Reached XP level 3. HP: 16/16 MP: 2/8
  1184 | D:1      | Found Taat's Book Emporium.
  1266 | D:1      | Found Evacack's Magic Scroll Shop.
  1274 | D:1      | Bought a scroll of noise for 10 gold pieces
  1274 | D:1      | Bought a scroll of identify for 20 gold pieces
  1325 | D:2      | Learned a level 2 spell: Searing Ray
  1454 | D:2      | Noticed Robin
  1561 | D:2      | Gained mutation: Your natural rate of healing is unusually
                  | fast. [Vine Stalker growth]
  1561 | D:2      | Reached XP level 4. HP: 21/21 MP: 6/10
  1562 | D:2      | Killed Robin
  1845 | D:2      | Reached skill level 4 in Spellcasting
  2314 | D:2      | Noticed Jessica
  2322 | D:2      | Killed Jessica
  2323 | D:2      | Reached XP level 5. HP: 24/24 MP: 5/12
  2679 | D:3      | Reached skill level 5 in Conjurations
  2803 | D:3      | Reached skill level 5 in Spellcasting
  2893 | D:3      | Found a sparkling altar of Nemelex Xobeh.
  3193 | D:3      | Identified the +4 dagger "Dukosaf" {speed, rN+ rCorr}
  3341 | D:4      | Reached XP level 6. HP: 28/28 MP: 10/14
  3789 | D:4      | Found a shimmering blue altar of Sif Muna.
  3947 | D:4      | Noticed Dowan
  3961 | D:4      | Learned a level 4 spell: Fulminant Prism
  3966 | D:4      | Learned a level 4 spell: Iskenderun's Mystic Blast
  4025 | D:4      | Noticed Duvessa
  4424 | D:4      | Killed Dowan
  4425 | D:4      | Reached XP level 7. HP: 32/32 MP: 4/16
  4562 | D:4      | Reached skill level 1 in Fighting
  4562 | D:4      | Reached skill level 1 in Hexes
  4562 | D:4      | Reached skill level 1 in Translocations
  4639 | D:4      | Reached skill level 6 in Spellcasting
  5083 | D:4      | Slain by Duvessa

Illustrated notes

Levels and vault maps discovered:
D:1:      psy_arrival_whirlpool, layout_loops_ring, serial_shops,
          nicolae_shop_hallway_stairs, nicolae_lakefront_shop,
          nicolae_shop_hallway_plus, shop, wander_ebering_terrifying_dragon_lair
D:2:      layout_loops_corners, reono_crystal_passage, grunt_ministairs_13,
          minmay_diced_spiral, uniq_robin, uniq_jessica
D:3:      layout_rooms, mainiacjoe_overflow_tiny_flanked
D:4:      layout_cave_pools, nicolae_sif_muna_condensation,
          nicolae_ossuary_entry_catacombs, uniq_duvessa

Skill      XL: |  1  2  3  4  5  6  7 |
---------------+----------------------+-----
Spellcasting   | 3 4 5 6 |  6.0
Conjurations   | 5 |  5.8
Fighting       | 1 |  1.6
Stealth        | 3 |  3.5
Hexes          | 1 |  1.7
Translocations | 1 |  1.7
Dodging        | |  1.5

Action                     |  1- 3 |  4- 6 |  7- 9 || total
---------------------------+-------+-------+-------++-------
  Melee: Unarmed           |    50 |     4 |       ||    54
         Bite              |    18 |    22 |     3 ||    43
         Dagger            |       |    71 |    12 ||    83
   Cast: Magic Dart        |    60 |   101 |       ||   161
         Searing Ray       |     3 |    10 |    16 ||    29
         Fulminant Prism   |       |     4 |     1 ||     5
         Iskenderun's Myst |       |       |     2 ||     2
    Use: Scroll            |     4 |     7 |       ||    11
         Potion            |       |       |     2 ||     2
   Stab: Sleeping          |       |     1 |       ||     1
 Armour: Robe              |    18 |    21 |     6 ||    45
  Dodge: Dodged            |    54 |    49 |    21 ||   124

Table legend: (Time is in decaauts)
 A = Elapsed time spent in this place.
 B = Non-inter-level travel time spent in this place.
 C = Inter-level travel time spent in this place.
 D = Time resting spent in this place.
 E = Time spent auto-exploring this place.
 F = Levels seen in this place.
 G = Mean time per level.
                   A        B        C        D        E       F      G
               +--------+--------+--------+--------+--------+-----+--------+
         Total |   5087 |   4973 |    114 |    535 |   3660 |   4 | 1271.8 |
       Dungeon |   5087 |   4973 |    114 |    535 |   3660 |   4 | 1271.8 |
               +--------+--------+--------+--------+--------+-----+--------+

Top non-repeatable levels by time:
     D:4: 1514 daAuts
     D:1: 1443 daAuts
     D:2: 1207 daAuts
     D:3: 921 daAuts
